 Dungeon Crawl Stone Soup version 0.29.1-2-gbd0b4ee654 (webtiles) character file.

Game seed: 14663261582750144987

127 KittyFluff the Cudgeller (level 5, -3/33 HPs)
             Began as a Gargoyle Berserker on Nov 11, 2022.
             Was a Believer of Trog.
             Slain by a gnoll
             ... wielding a +0 flail
              (5 damage)
             ... on level 3 of the Dungeon.
             The game lasted 00:09:25 (2739 turns).

KittyFluff the Cudgeller (Gargoyle Berserker)       Turns: 2739, Time: 00:09:26

Health: -3/33      AC:  6    Str: 20    XL:     5   Next: 11%
Magic:  5/5        EV: 12    Int:  8    God:    Trog [**....]
Gold:   210        SH:  0    Dex: 11    Spells: 4/4 levels left

rFire   . . .      SeeInvis .   a - +0 mace
rCold   . . .      Faith    .   (no shield)
rNeg    + . .      Spirit   .   b - +0 animal skin
rPois   ∞          Reflect  .   (no helmet)
rElec   +          Harm     .   (no cloak)
rCorr   .          Rampage  .   (no gloves)
Will    .....                   (no boots)
Stlth   +.........              (no amulet)
HPRegen 0.11/turn               (no ring)
MPRegen 0.09/turn               (no ring)

@: no status effects
A: sickness immunity, AC +4, negative energy resistance 1, electricity
resistance, torment resistance 1, petrification resistance
a: Renounce Religion, Berserk, Trog's Hand


You were on level 3 of the Dungeon.
You worshipped Trog.
Trog was pleased with you.
You visited 1 branch of the dungeon, and saw 3 of its levels.

You collected 210 gold pieces.

Inventory:

Hand Weapons
 a - a +0 mace (weapon)
 d - a +0 sling
Armour
 b - a +0 animal skin (worn)
Scrolls
 c - a scroll of silence {unknown}
 h - 4 scrolls of identify {unknown}
 i - a scroll of noise {unknown}
 j - a scroll of magic mapping {unknown}
 k - a scroll of fear {unknown}
 l - a scroll of enchant weapon {unknown}
Potions
 e - 2 potions of might {unknown}
 f - a potion of curing {unknown}
 g - 2 potions of magic {unknown}


   Skills:
 + Level 4.0 Fighting
 + Level 4.3 Maces & Flails
 * Level 3.3 Armour
 + Level 2.0 Dodging
 + Level 0.4 Stealth


You had 4 spell levels left.
You didn't know any spells.
Your spell library was empty.

Dungeon Overview and Level Annotations

Branches:
Dungeon (3/15)

Altars:

Annotations:
D:3 Sigmund


Innate Abilities, Weirdness & Mutations

You are immune to sickness and miasma.
Your stone body is resilient. (AC +4)
You are immune to poison.
You resist negative energy. (rN+)
You are resistant to electric shocks. (rElec)
You are resistant to unholy torment.
You are immune to petrification.


Message History

You barely miss the gnoll.
The gnoll is moderately wounded.
The gnoll barely misses you. The gnoll hits you with a +0 flail.
You completely miss the gnoll.
The gnoll is moderately wounded.
The gnoll hits you but does no damage. The gnoll hits you with a +0 flail.
You closely miss the gnoll.
The gnoll shouts!
You punch the gnoll, but do no damage.
The gnoll is moderately wounded.
You hear a shout!
The gnoll completely misses you. The gnoll barely misses you.
You hit the gnoll.
The gnoll is heavily wounded.
The gnoll barely misses you.
The gnoll hits you but does no damage. x2
The gnoll barely misses you. The gnoll closely misses you.
The gnoll barely misses you.
You fail to use your ability.
The gnoll hits you but does no damage. The gnoll hits you with a +0 spear.
The gnoll hits you with a +0 flail.
You hit the gnoll but do no damage.
The gnoll hits you but does no damage. x4
You hit the gnoll.
The gnoll is lightly wounded.
The gnoll misses you. x2; The gnoll closely misses you.
The gnoll hits you with a +0 flail.
Sigmund the Dreaded comes into view.
He is wielding a +3 scythe of venom.
You thump the gnoll!
The gnoll is almost dead.
The gnoll hits you with a +0 club.
* * * LOW HITPOINT WARNING * * *
The gnoll hits you with a +0 spear.
* * * LOW HITPOINT WARNING * * *
The gnoll hits you with a +0 spear.
* * * LOW HITPOINT WARNING * * *
The gnoll closely misses you.
You sock the gnoll!
The gnoll is severely wounded.
The gnoll misses you. The gnoll hits you with a +0 spear.
* * * LOW HITPOINT WARNING * * *
The gnoll closely misses you. The gnoll hits you with a +0 flail.
You die...

##### #...#
#...# #...#
#...# #...#
#...# #g..#
#.@g#
#.gg#####.
#...@.....
#....####. #
#....####..##
#...........
##.######.#
##
#........#...
#####....#.##


You could see Sigmund and 4 gnolls.

Vanquished Creatures
  A necrophage (D:3)
  An adder (D:2)
  2 worms (D:2)
  2 dart slugs (D:1)
  An orc (D:3)
  5 bats
  7 endoplasms
  3 giant cockroaches
  6 goblins
  5 hobgoblins
  A quokka (D:2)
  5 ball pythons
  3 kobolds
  6 rats
48 creatures vanquished.

Notes
Turn   | Place    | Note
-------+----------+-------------------------------------------
     0 | D:1      | KittyFluff the Gargoyle Berserker began the quest for the
                  | Orb.
     0 | D:1      | Reached XP level 1. HP: 14/14 MP: 1/1
   230 | D:1      | Reached XP level 2. HP: 13/20 MP: 2/2
   425 | D:1      | You fall into a shaft and drop 1 floor!
   593 | D:1      | Reached XP level 3. HP: 24/24 MP: 3/3
  1437 | D:2      | Reached ** piety under Trog
  1823 | D:2      | Reached XP level 4. HP: 24/29 MP: 4/4
  2125 | D:3      | Noticed a necrophage
  2136 | D:3      | Killed a necrophage
  2137 | D:3      | Reached XP level 5. HP: 23/33 MP: 5/5
  2306 | D:3      | Found a faded altar of an unknown god.
  2737 | D:3      | Noticed Sigmund
  2739 | D:3      | Slain by a gnoll

Illustrated notes

Levels and vault maps discovered:
D:1:      amcnicky_arrival_flooded_fountain, layout_basic
D:2:      layout_loops_ring
D:3:      layout_basic, shapermc_ecumenical_altar_venn,
          kennysheep_generic_room_7, uniq_sigmund

Skill      XL: |  1  2  3  4 |
---------------+-------------+-----
Armour         | 3 |  3.3
Fighting       | 4 |  4.0
Maces & Flails | 4 |  4.3
Dodging        | 2 |  2.0
Stealth        | |  0.4

Action                   |  1- 3 |  4- 6 || total
-------------------------+-------+-------++-------
Melee: Mace              |   130 |    41 ||   171
       Punch             |     1 |     1 ||     2
 Stab: Sleeping          |     1 |       ||     1
Armor: Animal skin       |    50 |    22 ||    72
Dodge: Dodged            |    98 |    34 ||   132
